 Dungeon Crawl Stone Soup version 0.19-a0-262-g5df7875 (webtiles) character file.

345 wvc the Poker (level 6, -3/46 HPs)
             Began as a Mummy Wanderer on May 25, 2016.
             Was an Initiate of Ashenzari.
             Slain by Blork the orc
             ... wielding a +0 halberd of protection
              (9 damage)
             ... on level 4 of the Dungeon.
             The game lasted 00:05:20 (2859 turns).

wvc the Poker (Mummy Wanderer)                      Turns: 2859, Time: 00:05:20

Health: -3/46      AC:  9    Str: 18    XL:     6   Next: 32%
Magic:  9/9        EV:  6    Int: 11    God:    Ashenzari [......]
Gold:   226        SH:  0    Dex: 11    Spells: 1 memorised, 8 levels left

rFire  x . .     SeeInvis .     a - +2 spear
rCold  + . .     Gourm    .     f - +0 ring mail
rNeg   + + +     Faith    .     (no shield)
rPois  ∞         Spirit   .     e - +1 helmet (curse)
rElec  .         Dismiss  .     n - +0 cloak (curse)
rCorr  .         Reflect  .     (no gloves)
SustAt .         Harm     .     l - +0 pair of boots (curse)
MR     +....                    (no amulet)
Stlth  +.........               (no ring)
                                g - ring of protection from magic

@: somewhat resistant to hostile enchantments, very unstealthy
A: no food or potions, fire vulnerability, cold resistance 1, negative energy
resistance 3, torment resistance, unbreathing
a: Curse Item, Renounce Religion


You were on level 4 of the Dungeon.
You worshipped Ashenzari.
Ashenzari was noncommittal.
You were not hungry.

You visited 1 branch of the dungeon, and saw 4 of its levels.

You collected 226 gold pieces.

Inventory:

Hand Weapons
 a - a +2 spear (weapon)
 o - a +0 dagger of freezing
 p - a +0 blowgun
Missiles
 d - 24 poisoned needles
 m - 4 needles of frenzy
Armour
 e - a cursed +1 helmet (worn)
 f - a +0 ring mail (worn)
 l - a cursed +0 pair of boots (worn)
 n - a cursed +0 cloak (worn)
Jewellery
 g - a ring of protection from magic (left hand)
 i - an uncursed amulet of regeneration
Wands
 k - a wand of digging (24/24)
 r - a wand of teleportation (3/9)
Scrolls
 h - 2 scrolls of remove curse
 j - 4 scrolls of enchant armour
 q - a scroll of identify
Books
 b - the Reference Book on the Compass

   Spells                             Type                      Level
   a - Shroud of Golubria             Charms/Translocation         2
   b - Blink                          Translocation                2
 c - Tyillat's Tome of Venom

   Spells                             Type                      Level
   a - Sting                          Conjuration/Poison           1
   b - Mephitic Cloud                 Conjuration/Poison/Air       3


   Skills:
 - Level 2.7 Fighting
 + Level 4.0 Polearms
 - Level 1.0 Throwing
 - Level 1.5 Armour
 - Level 2.1 Dodging
 - Level 2.0 Spellcasting
   Level 1.5 Earth Magic
 - Level 1.0 Poison Magic
 - Level 1.0 Evocations


You had 8 spell levels left.
You knew the following spells:

 Your Spells              Type           Power        Failure   Level  Hunger
a - Sting                 Conj/Pois      #...         41%         1    N/A

Dungeon Overview and Level Annotations

Branches:
Dungeon (4/15)
 Temple: D:4-7

Altars:
Ashenzari
Dithmenos
Nemelex Xobeh
Ru
Sif Muna
Xom

Annotations:
D:3 1 exclusion
D:4 Blork the orc


Innate Abilities, Weirdness & Mutations

You do not eat or drink.
Your flesh is vulnerable to fire.
You are immune to poison.
Your flesh is cold resistant. (rC+)
You are immune to negative energy. (rN+++)
You are immune to unholy pain and torment.
You can survive without breathing.


Message History

No target in view!
No target in view!
No target in view!
No target in view!
Attack whom?
Press: ? - help, Dir - move target cursor You reach to attack!
You barely miss something. Something hits you but does no damage.
Attack whom?
Press: ? - help, Dir - move target cursor You reach to attack!
You closely miss something.
You hear some strange, mumbled words.
A puff of flame appears from out of thin air!
The puff of flame hits you! The fire burns you terribly!
* * * LOW HITPOINT WARNING * * *
Attack whom?
Press: ? - help, Dir - move target cursor, f - you
Okay, then.
Something hits you!
You die...

##### ##.......###
#.......###.
#...........
##########.......###.
#......<..........##.
#....................
##................##..
##......###........##.#
#...{.@..##.......###..
#..........####....#####
#/.........# ###......
#..........# ......
#............ ######
#..........### #
##........## ..........


There were no monsters in sight!

Vanquished Creatures
  Grinder (D:4)
  A hound (D:3)
  Terence (D:3)
  A howler monkey skeleton (D:3)
  4 adders
  2 dart slugs (D:2)
  3 giant geckos
  3 giant cockroaches
  6 goblins
  3 hobgoblins
  2 jackals (D:3)
  A quokka (D:2)
  2 ball pythons
  4 bats
  A giant newt (D:1)
  9 kobolds
  3 rats
47 creatures vanquished.

Notes
Turn   | Place    | Note
--------------------------------------------------------------
     0 | D:1      | wvc the Mummy Wanderer began the quest for the Orb.
     0 | D:1      | wvc set off with: a +2 spear, the Reference Book on the Compass, Tyillat's Tome of Venom, a +0 robe
     0 | D:1      | Reached XP level 1. HP: 15/15 MP: 3/3
     0 | D:1      | Identified the Reference Book on the Compass
     0 | D:1      | Identified Tyillat's Tome of Venom
    70 | D:1      | Learned a level 1 spell: Sting
   477 | D:1      | Reached XP level 2. HP: 21/21 MP: 5/5
  1034 | D:2      | Reached skill level 1 in Polearms
  1181 | D:2      | Reached XP level 3. HP: 27/27 MP: 6/6
  1236 | D:2      | Reached skill level 1 in Dodging
  1362 | D:2      | Found a deep blue altar of Sif Muna.
  1449 | D:3      | Found a shimmering altar of Xom.
  1454 | D:3      | Found a sacrificial altar of Ru.
  1460 | D:3      | Found a shattered altar of Ashenzari.
  1467 | D:3      | Found a sparkling altar of Nemelex Xobeh.
  1476 | D:3      | Became a worshipper of Ashenzari the Shackled
  1534 | D:3      | Noticed Terence
  1551 | D:3      | Killed Terence
  1583 | D:3      | Reached XP level 4. HP: 30/34 MP: 7/7
  2315 | D:4      | Reached skill level 2 in Polearms
  2315 | D:4      | Reached XP level 5. HP: 35/39 MP: 8/8
  2384 | D:4      | Found a shadowy altar of Dithmenos.
  2386 | D:4      | Noticed Grinder
  2395 | D:4      | Paralysed by Grinder for 3 turns
  2438 | D:4      | Killed Grinder
  2438 | D:4      | Reached skill level 4 in Polearms
  2438 | D:4      | Reached XP level 6. HP: 6/46 MP: 9/9
  2830 | D:4      | Noticed Blork the orc
  2859 | D:4      | Slain by Blork the orc

Vault maps used:
D:1:      dpeg_arrival_boxes_within_box
D:2:      lemuel_blue_sif_altar, minivault_4
D:3:      grunt_temple_overflow_cloverleaf, first_bread,
          uniq_crazy_yiuf_cottage, uniq_terence
D:4:      nicolae_dithmenos_the_darkroom, uniq_grinder, uniq_blork_the_orc

Skill      XL: |  1  2  3  4  5 |
---------------+----------------+-----
Fighting       | 2 |  2.7
Polearms       | 1 2 4 |  4.0
Dodging        | 1 2 |  2.1
Throwing       | |  1.0
Armour         | |  1.5
Spellcasting   | |  2.0
Earth Magic    | |  1.5
Poison Magic   | |  1.0
Evocations     | |  1.0

Action                   |  1- 3 |  4- 6 || total
-------------------------+-------+-------++-------
Melee: Spear             |   100 |   129 ||   229
Invok: Curse Item        |     3 |       ||     3
  Use: Scroll            |       |     6 ||     6
Armor: Ring mail         |    29 |    51 ||    80
Dodge: Dodged            |    48 |    53 ||   101
